 Dungeon Crawl Stone Soup version 0.20.1-1-g8b1a95d (webtiles) character file.

73 Monsterracer the Conjurer (level 4, -5/33 HPs)
             Began as a Draconian Conjurer on Sept 12, 2017.
             Killed from afar by Terence (9 damage)
             ... with a wand of flame (?/48)
             ... on level 2 of the Dungeon on Sept 13, 2017.
             The game lasted 00:03:27 (2267 turns).

Monsterracer the Conjurer (Draconian Conjurer)      Turns: 2267, Time: 00:03:28

Health: -5/33      AC:  7    Str: 10    XL:     4   Next: 8%
Magic:  5/7        EV: 12    Int: 17    God:
Gold:   65         SH:  0    Dex: 11    Spells: 1/8 levels left

rFire    . . .     SeeInvis .   i - +0 spear
rCold    . . .     Gourm    .   (no shield)
rNeg     . . .     Faith    .   (armour unavailable)
rPois    .         Spirit   .   (helmet restricted)
rElec    .         Reflect  .   (no cloak)
rCorr    .         Harm     .   (no gloves)
MR       .....                  q - +1 pair of boots
Stlth    ++........             (no amulet)
Regen    0.2/turn               (no ring)
MPRegen  0.1/turn               (no ring)

@: no status effects
A: unfitting armour, cold-blooded, AC +5
a: no special abilities


You were on level 2 of the Dungeon.
You were hungry.

You visited 1 branch of the dungeon, and saw 2 of its levels.

You collected 65 gold pieces.

Inventory:

Hand Weapons
 i - a +0 spear (weapon)
Armour
 q - a +1 pair of boots (worn)
Wands
 n - a wand of lightning (6/15)
Scrolls
 c - 4 scrolls of identify {unknown}
 d - a scroll of enchant weapon {unknown}
 e - 2 scrolls of blinking {unknown}
 j - 4 scrolls of teleportation {unknown}
 k - 2 scrolls of immolation {unknown}
 m - a scroll of noise {unknown}
 s - a scroll of fog {unknown}
Potions
 g - 3 potions of berserk rage {unknown}
 h - a potion of invisibility {unknown}
 l - a potion of curing {unknown}
 o - 2 potions of heal wounds {unknown}
Books
 a - a book of Conjurations

   Spells                             Type                      Level
   a - Magic Dart                     Conjuration                  1
   b - Searing Ray                    Conjuration                  2
   c - Dazzling Spray                 Conjuration/Hexes            3
   d - Fulminant Prism                Conjuration/Hexes            4
   e - Force Lance                    Conjuration/Translocation    4
   f - Iskenderun's Mystic Blast      Conjuration                  4
Comestibles
 b - 3 bread rations
 f - a meat ration
 p - 2 fruits
 r - a royal jelly


   Skills:
 - Level 1.7 Dodging
 - Level 1.7 Stealth
 + Level 2.6 Spellcasting
 * Level 5.3 Conjurations


You had one spell level left.
You knew the following spells:

 Your Spells              Type           Power        Failure   Level  Hunger
a - Magic Dart            Conj           ###.         1%          1    #......
b - Searing Ray           Conj           ###...       3%          2    ##.....
c - Iskenderun's Mystic   Conj           ###.....     21%         4    #####..


Dungeon Overview and Level Annotations

Branches:
Dungeon (2/15)

Altars:

Annotations:
D:2 Terence


Innate Abilities, Weirdness & Mutations

Your plain brown scales are hard. (AC +5)
You cannot fit into any form of body armour.
You are cold-blooded and may be slowed by cold attacks.


Message History

Aim: Terence, wielding a hand axe, wearing a scale mail and carrying a wand of flame (?/48) {zapped: 2} (heavily wounded, unusually strong)
The magic dart hits Terence.
Terence is heavily wounded.
* * * LOW MAGIC WARNING * * *
Terence zaps a wand.
The puff of flame hits you!
Damage: -6%(-2hp) hp: 58%(19hp) Terence zaps a wand.
The puff of flame hits you!
* * * LOW HITPOINT WARNING * * *
Huge Dmg: -12%(-4hp) hp: 46%(15hp) Terence zaps a wand.
The puff of flame hits you!
* * * LOW HITPOINT WARNING * * *
Huge Dmg: -15%(-5hp) hp: 31%(10hp) Terence zaps a wand.
The puff of flame hits you!
* * * LOW HITPOINT WARNING * * *
Huge Dmg: -12%(-4hp) hp: 28%(9hp) Terence zaps a wand.
The puff of flame hits you!
* * * LOW HITPOINT WARNING * * *
Huge Dmg: -18%(-6hp) hp: 10%(3hp) Terence zaps a wand.
The puff of flame hits you!
You die...

.##. #.........#.#.#.#### #.#
.##...##.........#.#.#....#####.#
.##...######.....#.#.........##.#
.##...# ###.....#.######.##.##.#
.##...# #.......#.# #.##.##.#
.##...####.......#.######.##.##.#
.#.............).............##.#
.##.....##..>###.#.######.#####.#
........#.......@................
.........@######...######.###...#
...#......#.......#.............#
...#......#.#####.#.#.......##..#
...#####..#....##.#..........<..#
...# #..####.#...(.............
.### #..# #.####.######.#.....
.#######..# #.# #..)†).........
.#........# #.# ########....#..


You could see Terence.

Vanquished Creatures
  Robin (D:2)
  2 oozes
  A worm (D:2)
  A dart slug (D:2)
  5 bats
  10 goblins (D:2)
  5 hobgoblins (D:2)
  6 jackals
  A quokka (D:2)
  A ball python (D:1)
  5 frilled lizards
  2 kobolds
  7 rats
47 creatures vanquished.

Notes
Turn   | Place    | Note
-------+----------+-------------------------------------------
     0 | D:1      | Monsterracer the Draconian Conjurer began the quest for the Orb.
     0 | D:1      | Reached XP level 1. HP: 14/14 MP: 3/3
   411 | D:1      | Reached XP level 2. HP: 20/20 MP: 3/5
   424 | D:1      | Learned a level 2 spell: Searing Ray
  1177 | D:2      | Reached XP level 3. HP: 26/26 MP: 1/6
  1705 | D:2      | Noticed Robin
  1722 | D:2      | Reached skill level 5 in Conjurations
  1914 | D:2      | Killed Robin
  1957 | D:2      | Reached XP level 4. HP: 33/33 MP: 1/7
  1972 | D:2      | Learned a level 4 spell: Iskenderun's Mystic Blast
  2216 | D:2      | Noticed Terence
  2234 | D:2      | HP: 15/33 [Terence/wand of flame (?/48) (4)]
  2258 | D:2      | HP: 9/33 [Terence/wand of flame (?/48) (4)]
  2264 | D:2      | HP: 3/33 [Terence/wand of flame (?/48) (6)]
  2267 | D:2      | Killed from afar by Terence

Skill      XL: |  1  2  3 |
---------------+----------+-----
Conjurations   | 5 |  5.3
Dodging        | |  1.7
Stealth        | |  1.7
Spellcasting   | |  2.6

Action                   |  1- 3 |  4- 6 || total
-------------------------+-------+-------++-------
Melee: Spear             |    65 |     9 ||    74
       Unarmed           |     3 |       ||     3
       Tailslap          |     4 |       ||     4
 Cast: Magic Dart        |    16 |     3 ||    19
       Searing Ray       |     6 |     1 ||     7
 Stab: Sleeping          |     6 |       ||     6
  Eat: Chunk             |     4 |       ||     4
Armor: Skin              |    10 |     2 ||    12
Dodge: Dodged            |    35 |     5 ||    40
